 Dungeon Crawl Stone Soup version 0.23.2-30-g0e89c35649 (webtiles) character file.

Game seed: 11047196895633493172

735 mahrnol the Ruffian (level 7, -6/58 HPs)
             Began as a Ghoul Gladiator on June 12, 2019.
             Killed from afar by an orc wizard (12 damage)
             ... with a puff of flame
             ... on level 4 of the Dungeon.
             The game lasted 00:13:59 (3283 turns).

mahrnol the Ruffian (Ghoul Gladiator)               Turns: 3283, Time: 00:14:00

Health: -6/58      AC: 13    Str: 19    XL:     7   Next: 74%
Magic:  6/6        EV:  7    Int:  6    God:
Gold:   259        SH:  0    Dex: 14    Spells: 6/6 levels left

rFire    . . .     SeeInvis .   z - +0 spear
rCold    + . .     Gourm    .   w - +0 large shield
rNeg     + + +     Faith    .   v - +0 scale mail (curse)
rPois    ∞         Spirit   .   b - +0 helmet
rElec    .         Reflect  +   A - +0 cloak
rCorr    .         Harm     .   u - +2 pair of gloves
MR       .....                  q - +0 pair of boots
Stlth    ..........             o - +3 amulet of reflection
HPRegen  0.00/turn              l - +3 ring of dexterity
MPRegen  0.10/turn              r - +3 ring of intelligence

@: confused, rotting
A: rotting body, claws 1, carnivore, cold resistance 1, negative energy
resistance 3, inhibited regeneration, torment resistance, unbreathing
a: no special abilities


You were on level 4 of the Dungeon.
You were not hungry.

You visited 1 branch of the dungeon, and saw 4 of its levels.

You collected 259 gold pieces.

Inventory:

Hand Weapons
 z - a +0 spear (weapon)
Missiles
 c - 2 throwing nets (quivered)
 i - 6 tomahawks
Armour
 a - a +0 leather armour
 b - a +0 helmet (worn)
 n - a +0 chain mail
 q - a +0 pair of boots (worn)
 u - a +2 pair of gloves (worn)
 v - a cursed +0 scale mail (worn)
 w - a +0 large shield (worn)
 A - a +0 cloak (worn)
Jewellery
 l - a +3 ring of dexterity (left hand)
 o - a +3 amulet of reflection (around neck)
 r - a +3 ring of intelligence (right hand)
Wands
 x - a wand of flame (8)
Scrolls
 e - 4 scrolls of random uselessness {unknown}
 f - 6 scrolls of identify {unknown}
 g - a scroll of enchant weapon {unknown}
 h - 2 scrolls of teleportation {unknown}
 k - a scroll of magic mapping {unknown}
 m - a scroll of enchant armour {unknown}
 y - 3 scrolls of fear {unknown}
 D - a scroll of remove curse {unknown}
Potions
 j - a potion of invisibility {unknown}
 p - 2 potions of lignification {unknown}
 s - 4 potions of degeneration {unknown}
 t - a potion of magic {unknown}
 B - a potion of flight {unknown}
 C - a potion of mutation {unknown}
Comestibles
 d - 9 rations


   Skills:
 + Level 3.7 Fighting
 + Level 3.7 Polearms
 + Level 1.8 Throwing
 + Level 3.1 Armour
 - Level 3.3 Dodging
 + Level 3.4 Shields
 - Level 4.2 Unarmed Combat


You had 6 spell levels left.
You didn't know any spells.
Your spell library was empty.

Dungeon Overview and Level Annotations

Branches:
Dungeon (4/15)
 Temple: D:4-7

Altars:


Innate Abilities, Weirdness & Mutations

Your body is rotting away.
You thrive on raw meat.
You are immune to poison.
You have sharp fingernails.
You are carnivorous and can eat meat at any time.
Your flesh is cold resistant. (rC+)
You are immune to negative energy. (rN+++)
You do not regenerate when monsters are visible.
You are immune to unholy pain and torment.
You can survive without breathing.


Message History

You hit the orc.
The orc is moderately wounded.
You block the orc's attack.
You hit the orc.
The orc is heavily wounded.
An orc wizard appears from thin air!
Reactivating autopickup.
You block the orc's attack.
The orc priest calls down the wrath of Beogh upon you.
Beogh smites you!
* * * LOW HITPOINT WARNING * * *
You are too injured to fight recklessly!
The orc priest begins to cast a cantrip, but forgets the words!
The orc wizard casts a spell at you. You resist with some effort.
The orc wizard points at you and mumbles some strange words.
You are confused.
The orc wizard points at you and mumbles some strange words.
The puff of flame hits you!
You die...

#..#####..#..##o#
##.##
#........###.##.#
#.#
#.######..#..##r#
#.# ##...###.# #.#
######.####.# #.#
......)..ro..#
#.####
#########o####
#..... #.# ######
#@# #.#
#.############
#.##.........#####
#.##.###..........
#.<......#.#.#####
####.#####.#)# #.#
#.#.# ..# #.#W#


You could see an orc priest, an orc wizard and a quokka.

Vanquished Creatures
  3 phantoms (D:4)
  A bullfrog (D:4)
  2 scorpions (D:4)
  3 orc priests (D:4)
  Terence (D:3)
  2 worker ants (D:4)
  8 adders
  An ooze (D:4)
  4 worms
  A dart slug (D:1)
  A leopard gecko (D:2)
  3 orcs
  6 bats
  4 giant cockroaches
  6 goblins
  5 hobgoblins
  4 jackals
  A quokka (D:2)
  6 frilled lizards
  11 kobolds
  7 rats
80 creatures vanquished.

Notes
Turn   | Place    | Note
-------+----------+-------------------------------------------
     0 | D:1      | mahrnol the Ghoul Gladiator began the quest for the Orb.
     0 | D:1      | Reached XP level 1. HP: 17/17 MP: 0/0
   381 | D:1      | Reached XP level 2. HP: 24/24 MP: 1/1
   812 | D:2      | Reached XP level 3. HP: 28/29 MP: 2/2
   902 | D:2      | Reached skill level 4 in Unarmed Combat
  1028 | D:2      | Reached skill level 1 in Armour
  1105 | D:2      | Reached XP level 4. HP: 33/37 MP: 3/3
  1631 | D:3      | Reached XP level 5. HP: 19/42 MP: 4/4
  2030 | D:3      | Reached skill level 1 in Shields
  2136 | D:3      | Noticed Terence
  2155 | D:3      | Killed Terence
  2155 | D:3      | Reached skill level 1 in Polearms
  2316 | D:4      | Reached XP level 6. HP: 36/51 MP: 5/5
  2328 | D:4      | Noticed a phantom
  2329 | D:4      | Noticed a phantom
  2727 | D:4      | Killed a phantom
  2764 | D:4      | Killed a phantom
  2764 | D:4      | Reached XP level 7. HP: 25/56 MP: 6/6
  3283 | D:4      | Killed from afar by an orc wizard

Skill      XL: |  1  2  3  4  5  6  7 |
---------------+----------------------+-----
Dodging        | 3 |  3.3
Unarmed Combat | 4 |  4.2
Armour         | 1 2 3 |  3.1
Shields        | 1 2 3 |  3.4
Polearms       | 2 3 |  3.7
Fighting       | 3 |  3.7
Throwing       | |  1.8

Action                   |  1- 3 |  4- 6 |  7- 9 || total
-------------------------+-------+-------+-------++-------
Melee: Unarmed           |   116 |    76 |       ||   192
       Spear             |       |   306 |   101 ||   407
Throw: Throwing net      |       |     1 |       ||     1
 Stab: Held in net/web   |       |     3 |       ||     3
  Eat: Chunk             |     3 |     6 |     2 ||    11
Armor: Leather armour    |    35 |       |       ||    35
       Chain mail        |     9 |       |       ||     9
       Scale mail        |       |   122 |    25 ||   147
Dodge: Dodged            |    75 |    71 |    17 ||   163
Block: Large shield      |       |   237 |    59 ||   296
       Other             |       |     1 |       ||     1
